 Dungeon Crawl Stone Soup version 0.17.1-3-g152610e (webtiles) character file.

306 MrTails the Shield-Bearer (level 6, -1/39 HPs)
             Began as a Gargoyle Fighter on Feb 24, 2016.
             Was an Initiate of Trog.
             Killed by divine providence
             ... invoked by an orc priest
              (17 damage)
             ... on level 4 of the Dungeon.
             The game lasted 00:07:16 (2670 turns).

MrTails the Shield-Bearer (Gargoyle Fighter)        Turns: 2670, Time: 00:07:17

Health: -1/39      AC: 16    Str: 22    XL:     6   Next: 39%
Magic:  6/6        EV:  7    Int:  8    God:    Trog [......]
Gold:   288        SH:  9    Dex:  9    Spells: 0 memorised, 5 levels left

rFire  . . .     SeeInvis .     a - +0 war axe
rCold  . . .     Clarity  .     b - +0 scale mail
rNeg   + . .     SustAt   .     c - +0 shield
rPois  ∞         Gourm    .     (no helmet)
rElec  +         Spirit   .     D - +0 cloak
rCorr  .         Warding  .     G - +2 pair of gloves
rMut   .         Stasis   .     (no boots)
MR     .....                    (no amulet)
Stlth  ..........               (no ring)
                                (no ring)

@: not resistant to hostile enchantments, extremely unstealthy
A: negative energy resistance 1, electricity resistance, unbreathing,
petrification resistance, rot immunity, AC +4
a: Burn Spellbooks, Renounce Religion


You were on level 4 of the Dungeon.
You worshipped Trog.
Trog was noncommittal.
You were hungry.

You visited 1 branch of the dungeon, and saw 4 of its levels.

You collected 288 gold pieces.

Inventory:

Hand Weapons
 a - a +0 war axe (weapon)
Armour
 b - a +0 scale mail (worn)
 c - a +0 shield (worn)
 D - a +0 cloak (worn)
 G - a +2 pair of gloves (worn)
Jewellery
 n - a cursed -3 ring of protection {unknown}
 q - a +3 ring of evasion {unknown}
 s - an uncursed ring of protection from cold {unknown}
 F - an uncursed ring of poison resistance {unknown}
Wands
 w - a wand of slowing (16)
Scrolls
 f - 3 scrolls of immolation {unknown}
 g - a scroll of enchant armour {unknown}
 h - 6 scrolls of identify {unknown}
 k - 2 scrolls of teleportation {unknown}
 l - a scroll of fog {unknown}
 m - a scroll of amnesia {unknown}
 p - a scroll of enchant weapon {unknown}
 y - a scroll of noise {unknown}
 B - 2 scrolls of remove curse {unknown}
Potions
 d - a potion of might
 i - 3 potions of brilliance {unknown}
 o - 2 potions of agility {unknown}
 t - a potion of beneficial mutation {unknown}
 u - 2 potions of degeneration {unknown}
 x - a potion of curing {unknown}
 z - a potion of poison {unknown}
 A - a potion of haste {unknown}
 E - a potion of lignification {unknown}
Books
 C - a book of Changes

   Spells                             Type                      Level
   a - Beastly Appendage              Transmutation                1
   b - Sticks to Snakes               Transmutation                2
   c - Spider Form                    Transmutation/Poison         3
   d - Ice Form                       Ice/Transmutation            4
   e - Blade Hands                    Transmutation                5
   Trog disapproves of the use of such an item.
Comestibles
 e - 2 bread rations
 j - a meat ration
 r - a slice of pizza
 v - 6 fruits


   Skills:
 + Level 4.6 Fighting
 * Level 3.5 Axes
 + Level 4.5 Armour
 + Level 4.7 Shields


You had 5 spell levels left.
You didn't know any spells.

Dungeon Overview and Level Annotations

Branches:
Dungeon (4/15)
 Temple: D:4-7

Altars:
Makhleb
Trog


Innate Abilities, Weirdness & Mutations

You are resistant to torment.
Your stone body is resilient (AC +4).
You are immune to poison.
You resist negative energy.
You are resistant to electric shocks.
You can survive without breathing.
You are immune to petrification.
You are immune to rotting.


Message History

You barely miss the orc.
The orc is heavily wounded.
The orc hits you but does no damage.
You closely miss the orc.
The orc is heavily wounded.
The orc hits you with a short sword.
Your shield and scale mail prevent you from hitting the orc.
The orc is heavily wounded.
The orc barely misses you.
The orc priest invokes the aid of Beogh against you.
Something smites you! You block the orc's attack.
The orc priest mumbles some strange prayers to Beogh against you.
Something smites you!
You slash the orc!
You kill the orc!
Trog accepts your kill.
The orc priest casts a cantrip, but nothing happens.
The orc priest calls down the wrath of Beogh upon you.
Something smites you!
You die...

#.# #.###..#≈≈≈≈≈#..
#.# #.# #..#≈#.#≈###
#.# #.###.##≈._..'.#
#.# #.....##≈#.#≈#..
#.#####.#.####≈≈≈≈≈###
#.....#.#.# #######..
#####.#.#.# #.###
#)#.#.### # #.#
#@#.....#.# #.#
#o#.###.#.# #.# #.#.#
#>.[# #.#
#.#.###.######.###
#.#.....<........#
#.############.#.# #.#
#.#.# #.# #.#.#
.############(#.#


You could see an orc priest.

Vanquished Creatures
  An orc wizard (D:3)
  Crazy Yiuf (D:2)
  A giant frog skeleton (D:4)
  Ijyb (D:2)
  A hound (D:3)
  An iguana (D:4)
  A worker ant (D:4)
  5 adders
  2 oozes
  2 adder skeletons (D:4)
  6 orcs
  A ball python (D:3)
  A giant cockroach (D:1)
  6 hobgoblins
  8 jackals
  7 kobolds
  2 quokkas (D:3)
  5 bats
  2 giant newts (D:2)
  6 goblins
  A rat (D:2)
  A plant (D:1)
62 creatures vanquished.

Notes
Turn   | Place    | Note
--------------------------------------------------------------
     0 | D:1      | MrTails the Gargoyle Fighter began the quest for the Orb.
     0 | D:1      | Reached XP level 1. HP: 14/14 MP: 1/1
    52 | D:1      | Reached XP level 2. HP: 12/19 MP: 2/2
   835 | D:2      | Reached XP level 3. HP: 20/23 MP: 3/3
   961 | D:2      | Noticed Ijyb
   975 | D:2      | Killed Ijyb
   975 | D:2      | Reached skill level 4 in Armour
   975 | D:2      | Reached XP level 4. HP: 27/29 MP: 4/4
  1125 | D:2      | Noticed Crazy Yiuf
  1150 | D:2      | Killed Crazy Yiuf
  1592 | D:3      | Reached XP level 5. HP: 22/33 MP: 5/5
  1983 | D:3      | Found a burning altar of Makhleb.
  2362 | D:4      | Reached XP level 6. HP: 39/39 MP: 6/6
  2493 | D:4      | Found a bloodstained altar of Trog.
  2587 | D:4      | Became a worshipper of Trog the Wrathful
  2670 | D:4      | Killed from afar by an orc priest

Action                   |  1- 3 |  4- 6 || total
-------------------------+-------+-------++-------
Melee: War axe           |   116 |   151 ||   267
  Eat: Chunk             |     1 |     5 ||     6
